 Dungeon Crawl Stone Soup version 0.24.0-37-gcf1ca852f1 (webtiles) character file.

Game seed: 9646365962610693125, levelgen mode: deterministic

690 Iamsoldier the Conjurer (level 7, -3/60 HPs)
             Began as a Deep Elf Conjurer on Nov 28, 2019.
             Slain by Duvessa
             ... wielding a +2 short sword of speed
              (5 damage)
             ... on level 5 of the Dungeon.
             The game lasted 00:14:06 (5075 turns).

Iamsoldier the Conjurer (Deep Elf Conjurer)         Turns: 5075, Time: 00:14:06

Health: -3/60      AC: 23    Str:  5    XL:     7   Next: 36%
Magic:  5/17       EV:  2    Int: 22    God:
Gold:   140        SH:  0    Dex: 15    Spells: 5/17 levels left

rFire    . . .     SeeInvis .   g - +1 short sword
rCold    . . .     Gourm    .   (no shield)
rNeg     + + +     Faith    .   (armour currently unavailable)
rPois    +         Spirit   .   (helmet currently unavailable)
rElec    .         Reflect  .   (cloak currently unavailable)
rCorr    .         Harm     .   (gloves currently unavailable)
MR       .....     NoTele   +   (boots currently unavailable)
Stlth    ++........             (no amulet)
HPRegen  0.20/turn              (no ring)
MPRegen  0.15/turn              (no ring)

@: tree-form
A: no striking features
a: no special abilities


You were on level 5 of the Dungeon.
You were not hungry.
You were a tree.
You visited 1 branch of the dungeon, and saw 5 of its levels.

You collected 252 gold pieces.
You spent 112 gold pieces at shops.

Inventory:

Hand Weapons
 g - a +1 short sword (weapon)
Missiles
 d - 16 javelins
 m - 24 poisoned darts (quivered)
Armour
 a - a +0 robe (melded)
 n - a +0 cloak (melded)
 o - a +0 pair of boots (melded)
 r - a +0 pair of gloves (melded)
 u - a +0 shield
 y - a +1 helmet (melded)
Jewellery
 p - an uncursed ring of poison resistance {unknown}
 q - an uncursed ring of protection from cold {unknown}
Wands
 h - a wand of iceblast (5)
Scrolls
 b - a scroll of random uselessness
 e - 6 scrolls of teleportation
 i - 2 scrolls of identify
 k - 3 scrolls of magic mapping
 l - 2 scrolls of immolation
 s - 2 scrolls of enchant weapon
 x - a scroll of fog
Potions
 f - 3 potions of brilliance
 j - a potion of lignification
 A - 2 potions of resistance
Comestibles
 c - 11 rations


   Skills:
 + Level 2.7 Fighting
 - Level 3.0 Dodging
 - Level 2.4 Stealth
 + Level 2.3 Shields
 + Level 5.5 Spellcasting
 * Level 7.1 Conjurations


You had 5 spell levels left.
You knew the following spells:

 Your Spells              Type           Power        Failure   Level  Hunger
a - Magic Dart            Conj           ####         1%          1    None
b - Iskenderun's Mystic   Conj           #####...     4%          4    ####...
c - Fulminant Prism       Conj/Hex       ###.......   22%         4    ####...
d - Dazzling Spray        Conj/Hex       ###...       7%          3    ##.....

Your spell library contained the following spells:

 Spells                   Type           Power        Failure   Level  Hunger
 Searing Ray              Conj           #####.       1%          2    None
 Force Lance              Conj/Tloc      ###.....     22%         4    ####...


Dungeon Overview and Level Annotations

Branches:
Dungeon (5/15)
 Temple: D:4-7

Altars:
Fedhas
Kikubaaqudgha
Nemelex Xobeh
Okawaru
Sif Muna

Shops:
D:5 [

Annotations:
D:5 Duvessa


Message History

Evoke which item? (* to show all) (? for menu, Esc to quit)
Aiming: Iceblast
Press: ? - help, Shift-Dir - straight line The mass of ice explodes!
The iceblast engulfs Duvessa.
Duvessa is heavily wounded.
Duvessa hits you but does no damage.
Evoke which item? (* to show all) (? for menu, Esc to quit)
Aiming: Iceblast
Press: ? - help, Shift-Dir - straight line The mass of ice explodes!
The iceblast engulfs Duvessa!
Duvessa is severely wounded.
Duvessa hits you but does no damage. x2
Evoke which item? (* to show all) (? for menu, Esc to quit)
Aiming: Iceblast
Press: ? - help, Shift-Dir - straight line The mass of ice explodes!
The iceblast engulfs Duvessa.
Duvessa is severely wounded.
You hear a shout!
Duvessa hits you with a +2 short sword of speed.
You die...

............# #...........#
#.........$.# ##...........#
........>..##
##################....).....#
.........##...#..............
######.....#....♣e............#
..............................#
##...P.......................#
###.P∩.(......>..............##
.....P...###.........#.....)..#
##......## ##...#....#######>.#
#.....## ########.# #†.
##(..######## #..# ./
#..........### ..


You could see Duvessa (berserk).

Vanquished Creatures
  Grinder (D:5)
  An ogre (D:4)
  A scorpion (D:4)
  Dowan (D:5)
  An orc priest (D:4)
  A bullfrog skeleton (D:5)
  2 orc wizards
  Jessica (D:4)
  2 worker ants
  4 adders
  2 worms
  A dart slug (D:1)
  3 leopard geckos
  12 orcs
  A ball python (D:4)
  5 giant cockroaches
  8 goblins
  13 hobgoblins
  2 quokkas
  7 bats
  2 frilled lizards
  10 kobolds
  10 rats
91 creatures vanquished.

Notes
Turn   | Place    | Note
-------+----------+-------------------------------------------
     0 | D:1      | Iamsoldier the Deep Elf Conjurer began the quest for the
                  | Orb.
     0 | D:1      | Reached XP level 1. HP: 10/10 MP: 6/6
   182 | D:1      | Reached XP level 2. HP: 9/15 MP: 2/8
   743 | D:1      | Reached XP level 3. HP: 20/20 MP: 6/9
  1406 | D:2      | Reached skill level 1 in Fighting
  1406 | D:2      | Reached skill level 5 in Conjurations
  2325 | D:3      | Reached XP level 4. HP: 25/25 MP: 4/11
  2669 | D:3      | Learned a level 4 spell: Iskenderun's Mystic Blast
  2674 | D:3      | Learned a level 4 spell: Fulminant Prism
  2784 | D:3      | Found an iron altar of Okawaru.
  3240 | D:3      | Found a blossoming altar of Fedhas.
  3312 | D:4      | Found a sparkling altar of Nemelex Xobeh.
  3320 | D:4      | Noticed an ogre
  3327 | D:4      | Killed an ogre
  3327 | D:4      | Reached skill level 1 in Shields
  3327 | D:4      | Reached XP level 5. HP: 15/30 MP: 1/13
  3491 | D:4      | Found an ancient bone altar of Kikubaaqudgha.
  3512 | D:4      | Reached skill level 6 in Conjurations
  3512 | D:4      | Reached XP level 6. HP: 35/35 MP: 9/14
  3637 | D:4      | Learned a level 3 spell: Dazzling Spray
  4077 | D:4      | Noticed Jessica
  4080 | D:4      | Killed Jessica
  4086 | D:4      | Found a shimmering blue altar of Sif Muna.
  4309 | D:5      | Entered Level 5 of the Dungeon
  4318 | D:5      | Reached skill level 5 in Spellcasting
  4535 | D:5      | Found Qafrocse's Antique Armour Boutique.
  4556 | D:5      | Bought a pair of gloves for 112 gold pieces
  4571 | D:5      | Noticed Grinder
  4578 | D:5      | Noticed an ice beast
  4714 | D:5      | Paralysed by Grinder for 7 turns
  4844 | D:5      | Killed Grinder
  4844 | D:5      | Reached skill level 7 in Conjurations
  4844 | D:5      | Reached XP level 7. HP: 16/40 MP: 7/17
  5055 | D:5      | Noticed Dowan
  5057 | D:5      | Noticed Duvessa
  5059 | D:5      | Killed Dowan
  5071 | D:5      | HP: 1/60 [Duvessa/+2 short sword of speed (3)]
  5075 | D:5      | Slain by Duvessa

Levels and vault maps discovered:
D:1:      wander_arrival_lonely_grave, layout_loops_ring,
          minmay_misc_feat_square, minmay_misc_feat_hallway, minmay_pentomino_r4
D:2:      layout_loops_ring
D:3:      layout_loops_cross, fedhas_altar_fruit_tree,
          nicolae_overflow_crystal_walls
D:4:      layout_basic, tgw_sif, kiku_gazebo_garden_becter,
          nemelex_xobeh_ov_fountains_minmay
D:5:      gammafunk_cloud_chamber, layout_rooms, bloody_trog, first_ration,
          serial_shops, kennysheep_mini, nicolae_shop_overgrown_old_shop, shop,
          serial_bayou_pond_b, kennysheep_generic_room_3, uniq_duvessa,
          uniq_grinder

Skill      XL: |  1  2  3  4  5  6 |
---------------+-------------------+-----
Dodging        | 3 |  3.0
Fighting       | 1 2 |  2.7
Conjurations   | 5 6 7 |  7.1
Spellcasting   | 4 5 |  5.5
Shields        | 1 2 |  2.3
Stealth        | |  2.4

Action                   |  1- 3 |  4- 6 |  7- 9 || total
-------------------------+-------+-------+-------++-------
Melee: Unarmed           |     3 |       |       ||     3
       Short sword       |     2 |     6 |       ||     8
 Cast: Magic Dart        |    92 |   101 |     4 ||   197
       Iskenderun's Myst |       |    12 |     2 ||    14
       Dazzling Spray    |       |     1 |     1 ||     2
Evoke: Wand              |       |       |     5 ||     5
  Use: Potion            |       |     5 |     1 ||     6
       Scroll            |       |    11 |       ||    11
 Stab: Sleeping          |     1 |       |       ||     1
  Eat: Chunk             |     4 |     8 |       ||    12
       Ration            |       |       |     1 ||     1
Armor: Robe              |     5 |     2 |       ||     7
       Skin              |       |    30 |     6 ||    36
Dodge: Dodged            |    12 |    17 |     2 ||    31
